 Dungeon Crawl Stone Soup version 0.21.1-1-g345015fe64 (webtiles) character file.

37 Kohma the Sneak (level 3, 0/18 HPs)
             Began as a Vine Stalker Assassin on July 9, 2018.
             Slain by a sky beast (4 damage)
             ... on level 2 of the Dungeon.
             The game lasted 00:03:44 (1151 turns).

Kohma the Sneak (Vine Stalker Assassin)             Turns: 1151, Time: 00:03:45

Health: 0/18       AC:  4    Str: 13    XL:     3   Next: 41%
Magic:  0/4        EV: 11    Int: 12    God:
Gold:   75         SH:  0    Dex: 15    Spells: 2/2 levels left

rFire    . . .     SeeInvis .   a - +2 dagger
rCold    . . .     Gourm    .   (no shield)
rNeg     . . .     Faith    .   h - +0 leather armour
rPois    .         Spirit   +   (no helmet)
rElec    .         Reflect  .   d - +0 cloak
rCorr    .         Harm     .   (no gloves)
MR       .....                  (no boots)
Stlth    +++.......             (no amulet)
HPRegen  0.06/turn              (no ring)
MPRegen  0.09/turn              (no ring)

@: no status effects
A: fangs 2, magic shield, antimagic bite, no potion heal 3, rot immunity
a: no special abilities


You were on level 2 of the Dungeon.
You were not hungry.

You visited 1 branch of the dungeon, and saw 2 of its levels.

You collected 75 gold pieces.

Inventory:

Hand Weapons
 a - a +2 dagger (weapon)
 b - a +0 blowgun
Missiles
 e - 5 poisoned needles
 f - 2 curare-tipped needles {!f}
Armour
 d - a +0 cloak (worn)
 h - a +0 leather armour (worn)
Jewellery
 l - a cursed amulet of inaccuracy {unknown}
Scrolls
 j - a scroll of teleportation {unknown}
 k - 2 scrolls of remove curse {unknown}
Potions
 c - a potion of might {unknown}
 m - a potion of agility {unknown}
 n - a potion of haste {unknown}
Comestibles
 g - a ration


   Skills:
 + Level 2.1 Fighting
 * Level 2.3 Short Blades
 + Level 2.1 Throwing
 + Level 1.1 Dodging
 + Level 5.1 Stealth


You had 2 spell levels left.
You didn't know any spells.

Dungeon Overview and Level Annotations

Branches:
Dungeon (2/15)

Altars:


Innate Abilities, Weirdness & Mutations

You have extremely sharp teeth.
When hurt, damage is shared between your health and your magic reserves.
Your bite disrupts and absorbs the magic of your enemies.
Potions cannot restore your health.
You are immune to rotting.


Message History

Firing (i - inventory. (,) - cycle):
e - 6 poisoned needles (quivered)
Press: ? - help, Shift-Dir - straight line, f/p - sky beast
Aim: a sky beast (lightly wounded, poisoned)
You shoot a poisoned needle. The poisoned needle hits the sky beast.
The sky beast looks even sicker.
The sky beast is lightly wounded.
The sky beast flickers out of sight!
Firing (i - inventory. (,) - cycle):
e - 5 poisoned needles (quivered)
Press: ? - help, Shift-Dir - straight line, f - you Really target yourself?
Okay, then.
a - a +2 dagger (weapon)
You barely miss something. Something hits you. Something shocks you.
You hit something but do no damage. You bite something. Something hits you.
Something shocks you.
* * * LOW HITPOINT WARNING * * *
You hit something but do no damage. Something hits you.
* * * LOW HITPOINT WARNING * * *
Something shocks you.
You die...

#### #...######## #..........#
### #..#.#.#.#.# ############..
#.........@# #............#
###..#.#.#.#.# #.######.#####
..............# #.## #..#
......#.#.#.#.# #..# #..#
..............####.# #..# ##
.(....#.#.#.#..# #.# ###..###.
..<............###.###........
..............[..........#.#..#
#.....####............##......#


There were no monsters in sight!

Vanquished Creatures
  An ooze (D:1)
  2 dart slugs
  A leopard gecko (D:1)
  A giant cockroach (D:2)
  3 goblins (D:1)
  6 hobgoblins
  2 jackals (D:2)
  5 bats
  3 frilled lizards (D:2)
  A kobold (D:1)
  3 rats
28 creatures vanquished.

Notes
Turn   | Place    | Note
-------+----------+-------------------------------------------
     0 | D:1      | Kohma the Vine Stalker Assassin began the quest for the Orb.
     0 | D:1      | Reached XP level 1. HP: 11/11 MP: 2/2
   132 | D:1      | Reached skill level 5 in Stealth
   132 | D:1      | Reached XP level 2. HP: 12/15 MP: 3/3
   139 | D:1      | Reached skill level 1 in Dodging
   427 | D:2      | Reached XP level 3. HP: 12/18 MP: 2/4
   751 | D:2      | Noticed a sky beast
  1151 | D:2      | Slain by a sky beast

Skill      XL: |  1  2 |
---------------+-------+-----
Short Blades   | 2 |  2.3
Stealth        | 5 |  5.1
Dodging        | 1 |  1.1
Throwing       | 2 |  2.1
Fighting       | 2 |  2.1

Action                   || total
-------------------------++-------
Melee: Dagger            ||    82
       Bite              ||    23
 Fire: Blowgun           ||     5
 Stab: Sleeping          ||     5
  Eat: Ration            ||     1
Armor: Robe              ||     1
       Leather armour    ||    18
Dodge: Dodged            ||    39
